 Dungeon Crawl Stone Soup version 0.19-a0-1937-g70ed36a (webtiles) character file.

10377 varam the Grappler (level 11, -11/94 HPs)
             Began as a Troll Monk on Oct 26, 2016.
             Was a High Priest of Okawaru.
             Mangled by a wyvern (14 damage)
             ... on level 11 of the Dungeon.
             The game lasted 00:21:43 (9119 turns).

varam the Grappler (Troll Monk)                     Turns: 9119, Time: 00:21:44

Health: -11/94     AC:  8    Str: 22    XL:     11   Next: 35%
Magic:  19/19      EV: 11    Int:  6    God:    Okawaru [*****.]
Gold:   1280       SH:  4    Dex: 14    Spells: 0 memorised, 10 levels left

rFire  + . .     SeeInvis +       - Unarmed
rCold  . . .     Gourm    +     P - +0 steam dragon scales
rNeg   . . .     Faith    .     (no shield)
rPois  .         Spirit   .     (helmet restricted)
rElec  .         Reflect  +     (no cloak)
rCorr  .         Harm     .     (gloves unavailable)
MR     +....                    (boots unavailable)
Stlth  +++.......               a - amulet "Goyhuz" {Reflect SH+4 Stlth+}
                                I - ring of Cemmadd {+Blink rF+ MP+9 SInv}
                                U - ring of protection from magic

@: drained
A: unfitting armour, claws 3, fast metabolism 3, gourmand, regeneration 1,
shaggy fur 1, tough skin 2
a: Heroism, Finesse, Renounce Religion, Evoke Blink


You were on level 11 of the Dungeon.
You worshipped Okawaru.
Okawaru was extremely pleased with you.
You were very full.

You visited 2 branches of the dungeon, and saw 12 of its levels.
You also visited: Bailey.

You collected 1280 gold pieces.

Inventory:

Missiles
 v - 4 tomahawks of returning (quivered)
 C - 5 throwing nets
 L - 9 tomahawks
Armour
 P - +0 steam dragon scales (worn)
Jewellery
 a - the amulet "Goyhuz" (around neck) {Reflect SH+4 Stlth+}
   (You found it in a bailey)

   [amulet of reflection]

   It shields you and reflects attacks.
   It affects your SH (+4).
   It makes you more stealthy.
 r - a +3 ring of dexterity
 I - the ring of Cemmadd (right claw) {+Blink rF+ MP+9 SInv}
   (You found it on level 7 of the Dungeon)

   [ring of magical power]

   It protects you from fire.
   It affects your magic capacity (+9).
   It lets you see invisible.
   It lets you blink.
 U - a ring of protection from magic (left claw)
Wands
 y - a wand of confusion (3/48)
 E - a wand of paralysis (14/24)
 M - a wand of confusion (25/48)
 O - a wand of iceblast (6/15)
 R - a wand of digging (15/24)
Scrolls
 e - 8 scrolls of remove curse {@r2}
 f - 10 scrolls of identify {@r1}
 g - 5 scrolls of teleportation {unknown}
 q - 3 scrolls of recharging {unknown}
 D - 2 scrolls of immolation {unknown}
 G - a scroll of enchant weapon {unknown}
 J - 2 scrolls of noise {unknown}
 N - a scroll of vulnerability {unknown}
 Q - a scroll of amnesia {unknown}
 X - a scroll of enchant armour {unknown}
 Z - a scroll of acquirement {unknown}
Potions
 c - a potion of ambrosia {unknown}
 h - 5 potions of haste {unknown}
 i - 3 potions of agility {unknown}
 j - a potion of berserk rage {unknown}
 n - 8 potions of heal wounds
 p - 2 potions of flight {unknown}
 s - 2 potions of might
 t - 2 potions of magic {unknown}
 u - a potion of resistance {unknown}
 A - 3 potions of brilliance {unknown}
 B - a potion of curing {unknown}
 H - a potion of experience {unknown}
 S - a potion of cancellation {unknown}
Books
 l - a book of Minor Magic

   Spells                             Type                      Level
   a - Magic Dart                     Conjuration                  1
   b - Blink                          Translocation                2
   c - Call Imp                       Summoning                    2
   d - Repel Missiles                 Charms/Air                   2
   e - Slow                           Hexes                        2
   f - Conjure Flame                  Conjuration/Fire             3
   g - Mephitic Cloud                 Conjuration/Poison/Air       3
 F - a book of Cantrips

   Spells                             Type                      Level
   a - Confusing Touch                Hexes                        1
   b - Animate Skeleton               Necromancy                   1
   c - Summon Small Mammal            Summoning                    1
   d - Apportation                    Translocation                1
 K - a book of Frost

   Spells                             Type                      Level
   a - Freeze                         Ice                          1
   b - Throw Frost                    Conjuration/Ice              2
   c - Ozocubu's Armour               Charms/Ice                   3
   d - Throw Icicle                   Conjuration/Ice              4
   e - Summon Ice Beast               Ice/Summoning                4
 Y - a book of Enchantments

   Spells                             Type                      Level
   a - Cause Fear                     Hexes                        4
   b - Yara's Violent Unravelling     Hexes/Transmutation          5
   c - Silence                        Hexes/Air                    5
   d - Deflect Missiles               Charms/Air                   6
   e - Discord                        Hexes                        8
Miscellaneous
 k - a disc of storms
Comestibles
 b - 11 bread rations
 d - 5 meat rations
 m - 2 royal jellies
 w - 12 beef jerkies
 x - 8 fruits
 z - a slice of pizza


   Skills:
 - Level 2.4(2.2) Fighting
 - Level 8.5(8.2) Throwing
 + Level 2.8(2.6) Dodging
 - Level 1.0(0.8) Stealth
 + Level 14.8(14.5) Unarmed Combat


You had 10 spell levels left.
You didn't know any spells.

Dungeon Overview and Level Annotations

Branches:
Dungeon (11/15)            Temple (1/1) D:6            Lair (0/6) D:11
    Orc (0/2) D:9

Altars:
Cheibriados
Elyvilon
Nemelex Xobeh
Okawaru
Qazlal
Ru
Trog
Uskayaw
Vehumet
Xom
Yredelemnul
The Shining One
Beogh


Innate Abilities, Weirdness & Mutations

You are too large for most types of armour.
You have claws for hands.
Your metabolism is lightning-fast.
You like to eat raw meat.
Your natural rate of healing is unusually fast.
You are covered in fur. (AC +1)
You have very tough skin. (AC +2)


Message History

You barely miss the wyvern. The wyvern bites you!
You claw the ogre!
The ogre is heavily wounded.
The ogre hits you with a giant spiked club!!
* * * LOW HITPOINT WARNING * * *
The wyvern closely misses you.
You claw the ogre!
You kill the ogre!
Okawaru accepts your kill.
The centaur shoots an arrow.
The arrow hits you.
* * * LOW HITPOINT WARNING * * *
The arrow burns you.
* * * LOW HITPOINT WARNING * * *
The wyvern bites you.
* * * LOW HITPOINT WARNING * * *
You claw the wyvern! You claw the wyvern.
The wyvern is almost dead.
The centaur shoots an arrow.
The arrow completely misses you.
The arrow misses the wyvern.
The wyvern bites you!
You die...

###........≈≈≈≈≈≈≈≈≈≈≈≈≈##
...........≈≈≈≈≈≈≈)≈≈≈≈≈..
...........≈(≈≈≈.).≈≈≈≈≈..
#######....≈(≈≈≈(..≈≈≈≈≈##
#....≈≈≈≈≈...≈≈≈≈≈
#....≈≈≈≈≈≈≈≈≈≈≈ ##
#####....≈≈≈≈≈≈≈≈≈≈ ..
.....(l..≈≈≈≈≈≈≈≈≈ ..
.......@)≈≈≈≈≈≈≈≈≈ ##
####.####c≈≈≈≈≈≈≈≈
........(.......
..................
..................
##................
.c..............
................
...W............


You could see a wyvern and a centaur.

Vanquished Creatures
  Sonja (D:10)
  A hill giant (D:10)
  The ghost of varam the Grappler, a novice TrMo (D:5)
  An orc knight (Bailey)
  Maurice (D:9)
  A hornet (D:9)
  3 hippogriffs
  Sigmund (D:3)
  A vampire (D:11)
  A steam dragon (D:7)
  Eustachio (D:4)
  A water moccasin (D:9)
  Duvessa (D:6)
  8 orc warriors
  5 ice beasts
  2 phantoms (D:6)
  3 sky beasts
  12 ogres
  5 centaurs
  2 necrophages (D:9)
  9 bullfrogs
  2 scorpions
  Dowan (D:6)
  5 wights (D:8)
  8 howler monkeys
  4 crimson imps
  A bullfrog zombie (D:6)
  A quasit (D:8)
  3 jellies
  8 orc priests
  5 hounds
  2 gnoll shamans (D:5)
  A centaur skeleton (D:5)
  A bullfrog skeleton (D:7)
  Jessica (D:8)
  Terence (D:2)
  4 iguanas
  10 orc wizards
  5 worker ants
  A hound zombie (D:9)
  A howler monkey zombie (D:9)
  A worker ant zombie (D:9)
  46 gnolls
  9 adders
  2 shadow imps (D:8)
  2 oozes (D:1)
  3 dart slugs
  6 leopard geckos
  45 orcs
  A ball python (D:2)
  4 giant cockroaches
  14 goblins
  8 hobgoblins
  20 jackals
  3 quokkas
  6 bats
  9 frilled lizards
  19 kobolds
  A quokka skeleton (D:7)
  4 rats
329 creatures vanquished.

Vanquished Creatures (others)
  A centaur (D:11)
  A worm (D:2)
  A bat (D:2)
3 creatures vanquished.

Grand Total: 332 creatures vanquished

Notes
Turn   | Place    | Note
-------+----------+-------------------------------------------
     0 | D:1      | varam the Troll Monk began the quest for the Orb.
     0 | D:1      | Reached XP level 1. HP: 22/22 MP: 0/0
   217 | D:1      | Reached XP level 2. HP: 29/29 MP: 1/1
   331 | D:1      | Reached skill level 4 in Unarmed Combat
   410 | D:1      | Reached XP level 3. HP: 27/36 MP: 2/2
   785 | D:2      | Found a white marble altar of Elyvilon.
   868 | D:2      | Noticed Terence
   882 | D:2      | Killed Terence
   882 | D:2      | Reached skill level 5 in Unarmed Combat
   882 | D:2      | Reached XP level 4. HP: 19/44 MP: 3/3
   938 | D:2      | Found a hide-covered altar of Uskayaw.
  1361 | D:3      | Reached XP level 5. HP: 26/50 MP: 4/4
  1492 | D:3      | Reached skill level 6 in Unarmed Combat
  1634 | D:3      | Noticed Sigmund
  1660 | D:3      | Killed Sigmund
  1660 | D:3      | Reached skill level 7 in Unarmed Combat
  1660 | D:3      | Reached XP level 6. HP: 43/59 MP: 5/5
  2099 | D:4      | Noticed Eustachio
  2115 | D:4      | Killed Eustachio
  2115 | D:4      | Reached skill level 8 in Unarmed Combat
  2115 | D:4      | Reached XP level 7. HP: 59/66 MP: 6/6
  2487 | D:5      | Entered Level 5 of the Dungeon
  2562 | D:5      | Found a stormy altar of Qazlal.
  2564 | D:5      | Reached skill level 9 in Unarmed Combat
  2609 | D:5      | Noticed varam's ghost (novice TrMo)
  2620 | D:5      | HP: 2/66 [varam's ghost (11)]
  2621 | D:5      | Killed varam's ghost
  2621 | D:5      | Reached skill level 10 in Unarmed Combat
  2621 | D:5      | Reached XP level 8. HP: 2/74 MP: 7/7
  3331 | D:5      | Reached skill level 11 in Unarmed Combat
  3948 | D:6      | Reached XP level 9. HP: 68/80 MP: 8/8
  4011 | D:6      | Noticed Dowan
  4013 | D:6      | Noticed Duvessa
  4021 | D:6      | Killed Dowan
  4021 | D:6      | Reached skill level 12 in Unarmed Combat
  4029 | D:6      | Killed Duvessa
  4341 | D:6      | Found a staircase to the Ecumenical Temple.
  4350 | Temple   | Entered the Ecumenical Temple
  4422 | Temple   | Became a worshipper of Warmaster Okawaru
  4422 | Temple   | Reached * piety under Okawaru
  4422 | Temple   | Reached ** piety under Okawaru
  4489 | D:6      | Reached skill level 1 in Throwing
  5030 | D:7      | Got a vibrating lapis lazuli ring
  5265 | D:7      | Reached *** piety under Okawaru
  5511 | D:7      | Reached skill level 13 in Unarmed Combat
  5858 | D:7      | Reached XP level 10. HP: 88/88 MP: 9/9
  5985 | D:8      | Reached skill level 5 in Throwing
  6195 | D:8      | Reached **** piety under Okawaru
  6521 | D:8      | Found a sparkling altar of Nemelex Xobeh.
  6521 | D:8      | Noticed Jessica
  6526 | D:8      | Killed Jessica
  6827 | D:9      | Noticed Maurice
  6833 | D:9      | Killed Maurice
  6833 | D:9      | Received a gift from Okawaru
  6905 | D:9      | Found a staircase to the Orcish Mines.
  6920 | D:9      | Reached skill level 14 in Unarmed Combat
  6923 | D:9      | Found a roughly hewn altar of Beogh.
  7609 | D:10     | Entered Level 10 of the Dungeon
  7799 | D:10     | Noticed a hill giant
  7808 | D:10     | Killed a hill giant
  7808 | D:10     | Reached ***** piety under Okawaru
  7808 | D:10     | Reached XP level 11. HP: 60/94 MP: 10/10
  7918 | D:10     | Found a flagged portal.
  7941 | Bailey   | Entered a bailey
  8082 | Bailey   | Found a burning altar of Makhleb.
  8082 | Bailey   | Noticed an orc knight
  8164 | Bailey   | Killed an orc knight
  8174 | Bailey   | Got a warped ruby amulet
  8175 | Bailey   | Identified the amulet "Goyhuz" {Reflect SH+4 Stlth+} (You found it in a bailey)
  8178 | Bailey   | Identified the ring of Cemmadd {+Blink rF+ MP+9 SInv} (You found it on level 7 of the Dungeon)
  8520 | D:10     | Noticed Sonja
  8559 | D:10     | Killed Sonja
  8846 | D:11     | Found a staircase to the Lair.
  9115 | D:11     | Received a gift from Okawaru
  9118 | D:11     | HP: 3/94 [wyvern (4)]
  9119 | D:11     | Mangled by a wyvern

Vault maps used:
D:1:      minmay_arrival_radiant_lines, moated_statue
D:2:      eat_drink_and_be_merry_uskayaw, elyvilon_altar_4, first_bread,
          uniq_terence
D:3:      uniq_sigmund
D:4:      uniq_eustachio
D:5:      lemuel_castle_with_subvaults, grunt_qazlal_sundering,
          minmay_misc_feat_pillars
D:6:      hangedman_decor_diamond_cutter, hangedman_decor_push, uniq_duvessa
D:7:      grunt_ogre_cave
D:8:      nemelex_lonely_heart_becter
D:9:      minmay_orc_entry_temple_small, uniq_maurice
D:10:     enter_bailey_7, uniq_sonja
D:11:     nicolae_whirlpool, lair_0_dummy
Temple:   dpeg_five_rooms_temple
Bailey:   bailey_axe_3, bailey

Skill      XL: |  1  2  3  4  5  6  7  8  9 10 11 |
---------------+----------------------------------+-----
Unarmed Combat | 4 5 7 8 10 11 13 14 | 14.8
Throwing       | 4 7 8 |  8.5
Fighting       | |  2.4
Dodging        | |  2.8
Stealth        | |  1.0

Action                   |  1- 3 |  4- 6 |  7- 9 | 10-12 || total
-------------------------+-------+-------+-------+-------++-------
Melee: Unarmed           |    77 |   105 |   314 |   270 ||   766
       Punch             |     1 |     2 |    13 |    18 ||    34
Throw: Tomahawk          |       |       |       |    61 ||    61
       Large rock        |       |       |       |     2 ||     2
Invok: Heroism           |       |       |       |     4 ||     4
  Use: Scroll            |       |       |       |     2 ||     2
       Potion            |       |       |       |     1 ||     1
 Stab: Sleeping          |       |     1 |     5 |     4 ||    10
  Eat: Chunk             |    13 |    12 |    32 |    29 ||    86
       Royal jelly       |       |       |     1 |       ||     1
Armor: Robe              |    27 |    28 |    64 |       ||   119
       Steam dragon scal |       |       |       |    72 ||    72
Dodge: Dodged            |    50 |    50 |   160 |   123 ||   383
Block: Other             |       |       |       |    13 ||    13
       Reflection        |       |       |       |     5 ||     5
